 Dungeon Crawl Stone Soup version 0.28-a0-1435-g82390b3a13 (webtiles) character file.

Game seed: 13561796202325833727

1053 Lekart the Skirmisher (level 8, -1/71 HPs)
             Began as a Green Draconian Fighter on Jan 9, 2022.
             Slain by an orc warrior (17 damage)
             ... on level 5 of the Dungeon.
             The game lasted 00:04:49 (4675 turns).

Lekart the Skirmisher (Green Draconian Fighter)     Turns: 4675, Time: 00:04:50

Health: -1/71      AC:  8    Str: 20    XL:     8   Next: 5%
Magic:  17/17      EV: 12    Int: 16    God:
Gold:   184        SH: 10    Dex: 12    Spells: 7/7 levels left

rFire   + . .      SeeInvis .   c - +9 mace of the Moth {vorpal, Drain rPois rF+}
rCold   . . .      Faith    .   b - +0 buckler
rNeg    . . .      Spirit   .   (armour unavailable)
rPois   +          Reflect  +   (helmet restricted)
rElec   .          Harm     .   k - +0 cloak
rCorr   .          Rampage  .   (no gloves)
Will    .....      Rnd*Tele +   d - +0 pair of boots
Stlth   +.........              u - amulet of reflection
HPRegen 0.21/turn               o - ring of magical power
MPRegen 0.15/turn               e - +6 ring of intelligence

@: short of breath, unable to read
A: breathe noxious fumes, AC +6, unfitting armour, poison resistance,
cold-blooded, clever 1, high mp 1, teleportitis 1, inability to read while
threatened
a: Breathe Noxious Fumes


You were on level 5 of the Dungeon.
You visited 1 branch of the dungeon, and saw 5 of its levels.

You collected 184 gold pieces.

Inventory:

Hand Weapons
 a - a +0 long sword
 c - the +9 mace of the Moth (weapon) {vorpal, Drain rPois rF+}
   (You found it on level 2 of the Dungeon)

   It inflicts extra damage upon your enemies.
   rF:        It protects you from fire.
   rPois:     It protects you from poison.
   Drain:     It drains your maximum health when unequipped.
Armour
 b - a +0 buckler (worn)
 d - a +0 pair of boots (worn)
 k - a +0 cloak (worn)
Jewellery
 e - a +6 ring of intelligence (right hand)
 o - a ring of magical power (left hand)
 u - an amulet of reflection (around neck)
Wands
 g - a wand of iceblast (9)
 s - a wand of flame (19)
Scrolls
 f - a scroll of fog
 j - a scroll of summoning {unknown}
 q - a scroll of enchant weapon {unknown}
 r - a scroll of torment {unknown}
 t - a scroll of fear {unknown}
Potions
 h - 2 potions of berserk rage
 i - 5 potions of curing
 n - a potion of haste
 p - a potion of ambrosia {unknown}


   Skills:
 * Level 6.9 Fighting
 + Level 3.8 Long Blades
 + Level 4.6 Maces & Flails
 + Level 4.2 Dodging
 + Level 4.1 Shields
 + Level 0.4 Unarmed Combat


You had 7 spell levels left.
You didn't know any spells.
Your spell library contained the following spells:

 Spells                   Type           Power      Damage    Failure   Level
 Corpse Rot               Necr/Air       0%         N/A       43%         2
 Poisonous Vapours        Pois/Air       0%         N/A       43%         2
 Dazzling Flash           Conj/Hex       0%         N/A       67%         3
 Iskenderun's Mystic Bla  Conj/Tloc      0%         2d3       97%         4
 Starburst                Conj/Fire      0%         6d3       100%        6


Dungeon Overview and Level Annotations

Branches:
Dungeon (5/15)             Temple (0/1) D:5

Altars:
Nemelex Xobeh

Annotations:
D:3 3 runed translucent doors, Viceroy's ghost, amateur FoFi


Innate Abilities, Weirdness & Mutations

You can breathe blasts of noxious fumes.
Your lurid green scales are hard. (AC +6)
You cannot fit into any form of body armour.
Your system is resistant to poisons. (rPois)
You are cold-blooded and may be slowed by cold attacks.
Your mind is acute. (Int +2)
You have an increased reservoir of magic. (+10% MP)
You are occasionally teleported next to monsters.
You sometimes lose the ability to read scrolls when taking damage.


Message History

The orc wizard appears confused.
The orc wizard closely misses the orc warrior.
You closely miss the orc warrior.
The gnoll is engulfed in noxious fumes.
The gnoll appears confused.
You block the orc's attack. The orc warrior barely misses you.
The gnoll is engulfed in noxious fumes.
The gnoll appears confused.
The gnoll hits the orc wizard with a +0 flail.
The orc wizard is engulfed in noxious fumes.
The orc wizard appears confused.
The gnoll is engulfed in noxious fumes.
The gnoll appears confused.
You hit the orc warrior but do no damage.
The orc hits you with a +0 mace.
The orc warrior hits you with a +0 battleaxe!
The gnoll is engulfed in noxious fumes.
The gnoll appears confused.
You block the gnoll's attack. The orc barely misses you.
The gnoll shaman is engulfed in noxious fumes.
The gnoll shaman appears confused.
The gnoll shaman drinks a potion.
The gnoll shaman is healed!
The gnoll shaman seems less confused.
You block the orc warrior's attack.
You hit the orc warrior.
The orc warrior is lightly wounded.
The gnoll is engulfed in noxious fumes.
The gnoll appears confused.
The gnoll hits the orc with a +0 flail.
The orc is killed!
The orc wizard is engulfed in noxious fumes.
The orc warrior hits you but does no damage.
You thump the orc warrior!
The orc warrior is heavily wounded.
The gnoll hits you with a +0 flail.
The orc wizard completely misses the gnoll.
The orc warrior hits you with a +0 battleaxe!
You feel threatened and lose the ability to read scrolls!
* * * LOW HITPOINT WARNING * * *
A scorpion zombie comes into view.
Something hits the gnoll shaman but does no damage.
There is a stone staircase leading down here.
The gnoll barely misses you.
The gnoll shaman calls upon its god to heal something.
The orc warrior hits you with a +0 battleaxe!
You die...

......#
.....#####
...o....#
.......# .
.o....#..
#g)...Z.....
#####.).8.8.8....
#...goo..⌠.⌠.....
#.##@...8.>.8..#
#.##..#..⌠.⌠...#
#.##..#.8.8.8..#
#.....#........#
####..#........#
#......####.#
######.# #.#
##### #.#


You could see an orc warrior, a gnoll shaman, an orc wizard (confused), a gnoll
(confused), 2 orcs and a scorpion zombie.

Vanquished Creatures
  Sigmund (D:3)
  3 ogres
  A phantom (D:4)
  A water moccasin zombie (D:5)
  A water moccasin skeleton (D:4)
  Crazy Yiuf (D:2)
  A bullfrog skeleton (D:4)
  A hound (D:4)
  3 orc priests (D:4)
  An iguana (D:4)
  Ijyb (D:3)
  An orc wizard (D:4)
  Robin (D:3)
  4 gnolls (D:5)
  4 adders
  An ufetubus (D:5)
  A worm (D:3)
  3 dart slugs
  8 orcs
  7 endoplasms
  2 giant cockroaches
  16 goblins
  12 hobgoblins
  5 jackals
  11 kobolds
  4 quokkas
  3 ball pythons (D:1)
  7 bats
  8 frilled lizards
  7 rats
120 creatures vanquished.

Vanquished Creatures (others)
  9 plants (D:2)
  5 withered plants (D:1)
14 creatures vanquished.

Grand Total: 134 creatures vanquished

Notes
Turn   | Place    | Note
-------+----------+-------------------------------------------
     0 | D:1      | Lekart the Draconian Fighter began the quest for the Orb.
     0 | D:1      | Reached XP level 1. HP: 19/19 MP: 1/1
   229 | D:1      | Reached XP level 2. HP: 18/26 MP: 2/2
   863 | D:1      | Reached XP level 3. HP: 31/33 MP: 3/3
   867 | D:1      | Reached skill level 4 in Fighting
  1074 | D:1      | Found a faded altar of an unknown god.
  1365 | D:2      | Identified the +9 ring mail of Cynicism {rPois Int-5 Dex+7}
  1715 | D:2      | Reached XP level 4. HP: 32/41 MP: 4/4
  1915 | D:2      | Found a runed translucent door.
  1916 | D:2      | Noticed Crazy Yiuf
  2071 | D:2      | Killed Crazy Yiuf
  2075 | D:2      | Identified the +9 mace of the Moth {vorpal, Drain rPois
                  | rF+}
  2354 | D:3      | Noticed Robin
  2357 | D:3      | Killed Robin
  2456 | D:3      | Reached XP level 5. HP: 46/47 MP: 5/5
  2548 | D:3      | Noticed Ijyb
  2744 | D:3      | Killed Ijyb
  2775 | D:3      | Found a runed translucent gate.
  2775 | D:3      | Found a runed translucent gate.
  2775 | D:3      | Noticed Viceroy's ghost (amateur FoFi)
  2869 | D:3      | Found a runed translucent gate.
  2884 | D:3      | Noticed Sigmund
  2892 | D:3      | Killed Sigmund
  2893 | D:3      | Reached skill level 5 in Fighting
  2893 | D:3      | Reached skill level 1 in Maces & Flails
  2893 | D:3      | Reached XP level 6. HP: 50/56 MP: 6/6
  3326 | D:4      | Your scales start taking on a lurid green colour.
  3326 | D:4      | Reached XP level 7. HP: 45/62 MP: 7/7
  3326 | D:4      | Gained mutation: Your system is resistant to poisons.
                  | (rPois) [Green Draconian growth]
  3488 | D:4      | Reached skill level 6 in Fighting
  3773 | D:4      | Found a sparkling altar of Nemelex Xobeh.
  4407 | D:4      | Gained mutation: Your magical capacity is low. (-10% MP)
                  | [potion of mutation]
  4407 | D:4      | Gained mutation: You are robust. (+10% HP) [potion of
                  | mutation]
  4408 | D:4      | Lost mutation: You are robust. (+10% HP) [potion of
                  | mutation]
  4408 | D:4      | Lost mutation: Your magical capacity is low. (-10% MP)
                  | [potion of mutation]
  4408 | D:4      | Gained mutation: You are occasionally teleported next to
                  | monsters. [potion of mutation]
  4408 | D:4      | Gained mutation: Your mind is acute. (Int +2) [potion of
                  | mutation]
  4408 | D:4      | Gained mutation: You sometimes lose the ability to read
                  | scrolls when taking damage. [potion of mutation]
  4408 | D:4      | Gained mutation: You have an increased reservoir of magic.
                  | (+10% MP) [potion of mutation]
  4450 | D:5      | Entered Level 5 of the Dungeon
  4641 | D:5      | Found a staircase to the Ecumenical Temple.
  4668 | D:5      | Reached XP level 8. HP: 47/71 MP: 8/8
  4675 | D:5      | Slain by an orc warrior

Illustrated notes

Levels and vault maps discovered:
D:1:      psy_arrival_fountain, layout_loops_ring,
          ebering_ecumenical_altar_petrified
D:2:      layout_rooms, lexackson_kobold_supper, uniq_crazy_yiuf_cottage
D:3:      layout_loops_cross, gammafunk_ghost_split, minmay_misc_feat_pillars,
          kennysheep_big_empty_room, uniq_robin, uniq_sigmund, uniq_ijyb
D:4:      layout_basic, nemelex_spade_bored_becter, nrook_loot_triangle,
          hangedman_decor_points, hex_medium, kennysheep_nondescript,
          minmay_bisected
D:5:      minmay_evil_eye, layout_basic, minmay_temple_entry_statues_fountains,
          uniq_grinder

Skill      XL: |  1  2  3  4  5  6  7 |
---------------+----------------------+-----
Dodging        | 3 4 |  4.2
Fighting       | 4 5 6 |  6.9
Long Blades    | 3 |  3.8
Maces & Flails | 1 2 4 |  4.6
Shields        | 4 |  4.1
Unarmed Combat | |  0.4

Action                   |  1- 3 |  4- 6 |  7- 9 || total
-------------------------+-------+-------+-------++-------
Melee: Long sword        |   133 |    16 |       ||   149
       Tailslap          |    14 |    10 |     2 ||    26
       Mace              |       |    69 |    71 ||   140
       Unarmed           |       |    10 |       ||    10
 Abil: Breathe Noxious F |       |       |     2 ||     2
  Use: Potion            |       |     1 |     2 ||     3
       Scroll            |       |       |     8 ||     8
 Stab: Sleeping          |     1 |     1 |       ||     2
Armor: Skin              |    46 |    34 |    25 ||   105
Dodge: Dodged            |   101 |    65 |    52 ||   218
Block: Buckler           |    34 |    18 |    27 ||    79

Table legend: (Time is in decaauts)
 A = Elapsed time spent in this place.
 B = Non-inter-level travel time spent in this place.
 C = Inter-level travel time spent in this place.
 D = Time resting spent in this place.
 E = Time spent auto-exploring this place.
 F = Levels seen in this place.
 G = Mean time per level.
                   A        B        C        D        E       F      G
               +--------+--------+--------+--------+--------+-----+--------+
         Total |   4769 |   4625 |    144 |    166 |   3675 |   5 |  953.8 |
       Dungeon |   4769 |   4625 |    144 |    166 |   3675 |   5 |  953.8 |
               +--------+--------+--------+--------+--------+-----+--------+

Top non-repeatable levels by time:
     D:2: 1300 daAuts
     D:1: 1212 daAuts
     D:4: 1185 daAuts
     D:3: 841 daAuts
     D:5: 229 daAuts
